 Dungeon Crawl Stone Soup version 0.20.0-15-g7f486f2 (console) character file.

153 Kloppie the Slasher (level 5, 0/63 HPs)
             Began as a Draconian Fighter on June 23, 2017.
             Was a Follower of Makhleb.
             Succumbed to a scorpion's poison
             ... on level 4 of the Dungeon.
             The game lasted 00:04:16 (2798 turns).

Kloppie the Slasher (Draconian Fighter)             Turns: 2798, Time: 00:04:17

Health: 0/63       AC: 22    Str: 18    XL:     5   Next: 12%
Magic:  5/5        EV:  2    Int:  8    God:    Makhleb [*.....]
Gold:   230        SH:  0    Dex: 12    Spells: 4/4 levels left

rFire    . . .     SeeInvis .   a - +0 long sword
rCold    . . .     Gourm    .   (no shield)
rNeg     + + +     Faith    .   (armour unavailable)
rPois    +         Spirit   .   (helmet currently unavailable)
rElec    .         Reflect  .   (cloak currently unavailable)
rCorr    .         Harm     .   (gloves currently unavailable)
MR       .....     NoTele   +   (boots currently unavailable)
Stlth    +.........             (no amulet)
Regen    0.2/turn               (no ring)
MPRegen  0.1/turn               (no ring)

@: lethally poisoned (0 -> -10), tree-form
A: unfitting armour, blurry vision 1, frail 1, AC +5
a: Renounce Religion


You were on level 4 of the Dungeon.
You worshipped Makhleb.
Makhleb was aware of your devotion.
You were not hungry.
You were a tree.
You visited 1 branch of the dungeon, and saw 4 of its levels.

You collected 230 gold pieces.

Inventory:

Hand Weapons
 a - a +0 long sword (weapon)
Armour
 b - a +0 shield
 e - a +0 buckler
Jewellery
 i - an uncursed amulet of guardian spirit {unknown}
Wands
 k - a wand of confusion (15/48)
Scrolls
 g - 3 scrolls of teleportation {unknown}
 h - 4 scrolls of enchant weapon {unknown}
 j - 5 scrolls of remove curse {unknown}
 m - 2 scrolls of blinking {unknown}
 n - 3 scrolls of identify {unknown}
 t - a scroll of enchant armour {unknown}
 v - a scroll of noise {unknown}
 y - a scroll of recharging {unknown}
Potions
 c - a potion of might
 l - a potion of resistance {unknown}
 p - a potion of flight {unknown}
 q - a potion of mutation
 r - a potion of degeneration {unknown}
 s - a potion of heal wounds {unknown}
 x - a potion of invisibility {unknown}
 z - a potion of magic {unknown}
Comestibles
 d - 2 bread rations
 f - a royal jelly
 u - a meat ration
 w - 3 chunks of flesh


   Skills:
 + Level 4.4 Fighting
 + Level 4.6 Long Blades
 - Level 2.6 Dodging
 - Level 3.0 Shields


You had 4 spell levels left.
You didn't know any spells.

Dungeon Overview and Level Annotations

Branches:
Dungeon (4/15)
 Temple: D:4-7

Altars:
Ashenzari
Makhleb


Innate Abilities, Weirdness & Mutations

((Your plain brown scales are hard. (AC +5)))
You cannot fit into any form of body armour.
((You are cold-blooded and may be slowed by cold attacks.))
((You have sharp toenails.))
Scrolls take you a little longer to read.
You are frail. (-10% HP)


Message History

You feel sick.
The scorpion stings you but does no damage.
You hit the scorpion.
The scorpion is severely wounded.
* * * LOW HITPOINT WARNING * * *
You feel sick.
The scorpion stings you but does no damage.
You hit the scorpion but do no damage.
The scorpion is severely wounded.
* * * LOW HITPOINT WARNING * * *
You feel sick.
The scorpion stings you but does no damage.
You hit the scorpion.
The scorpion is almost dead.
* * * LOW HITPOINT WARNING * * *
You feel sick.
The scorpion stings you but does no damage.
It was a potion of mutation.
You feel extremely strange.
Your vision blurs.
You feel frail.
Your toenails lengthen and sharpen.
You die...

######### # #........ #.
#.#.#### #........ #.#
#......#####........ #.#
#....s♣............. ...
..................... #.#
###..................
#.#######+###.............
.####.#.........+.............
......<#......# #.............
.####.##......# ######.....(..
#.##......########........
#.##.####.................


You could see a scorpion.

Vanquished Creatures
  The ghost of koelner the Stinger, a weakling DsVM (D:3)
  Robin (D:3)
  5 adders
  2 oozes (D:2)
  4 worms
  2 dart slugs (D:1)
  A leopard gecko (D:2)
  2 giant cockroaches
  16 goblins
  7 hobgoblins
  7 kobolds
  2 ball pythons (D:3)
  3 bats
  3 frilled lizards
  8 rats
64 creatures vanquished.

Notes
Turn   | Place    | Note
-------+----------+-------------------------------------------
     0 | D:1      | Kloppie the Draconian Fighter began the quest for the Orb.
     0 | D:1      | Reached XP level 1. HP: 19/19 MP: 1/1
   193 | D:1      | Reached XP level 2. HP: 26/26 MP: 2/2
   571 | D:2      | Reached XP level 3. HP: 11/31 MP: 3/3
  1142 | D:2      | Found a faded altar of an unknown god.
  1206 | D:2      | Found a shattered altar of Ashenzari.
  1555 | D:2      | Reached XP level 4. HP: 39/39 MP: 4/4
  1649 | D:2      | Found a burning altar of Makhleb.
  1649 | D:2      | Noticed a blizzard demon
  1752 | D:2      | Noticed an orange demon
  1752 | D:2      | Noticed a neqoxec
  1754 | D:2      | Became a worshipper of Makhleb the Destroyer
  1830 | D:3      | Noticed Robin
  1865 | D:3      | Killed Robin
  2101 | D:3      | Noticed koelner's ghost (weakling DsVM)
  2121 | D:3      | Killed koelner's ghost
  2158 | D:3      | HP: 2/40 [poisoned by koelner's ghost (sting)]
  2591 | D:3      | Reached XP level 5. HP: 34/47 MP: 5/5
  2624 | D:3      | Reached * piety under Makhleb
  2795 | D:4      | HP: 3/70 [poisoned by a scorpion]
  2797 | D:4      | HP: 1/70 [poisoned by a scorpion]
  2798 | D:4      | Gained mutation: Scrolls take you a little longer to read. [potion of mutation]
  2798 | D:4      | Gained mutation: You are frail. (-10% HP) [potion of mutation]
  2798 | D:4      | Gained mutation: You have sharp toenails. [potion of mutation]
  2798 | D:4      | Succumbed to a scorpion's poison

Skill      XL: |  1  2  3  4 |
---------------+-------------+-----
Long Blades    | 3 4 |  4.6
Fighting       | 4 |  4.4
Dodging        | |  2.6
Shields        | |  3.0

Action                   |  1- 3 |  4- 6 || total
-------------------------+-------+-------++-------
Melee: Long sword        |    81 |    95 ||   176
       Tailslap          |    10 |    18 ||    28
Evoke: Wand              |       |     1 ||     1
  Use: Potion            |       |     5 ||     5
 Stab: Sleeping          |     1 |     1 ||     2
  Eat: Chunk             |     2 |     4 ||     6
Armor: Skin              |    17 |    45 ||    62
Dodge: Dodged            |    57 |    52 ||   109
       Rpst.: Long sword |    24 |    17 ||    41
